 Dungeon Crawl Stone Soup version 0.21.1-1-g345015f (webtiles) character file.

256 grindst0ne the Skirmisher (level 5, -2/47 HPs)
             Began as a Demonspawn Chaos Knight on Mar 4, 2018.
             Slain by an ogre
             ... wielding a +0 giant spiked club
              (10 damage)
             ... on level 3 of the Dungeon.
             The game lasted 00:03:56 (2726 turns).

grindst0ne the Skirmisher (Demonspawn Chaos Knight) Turns: 2726, Time: 00:03:57

Health: -2/47      AC: 10    Str: 11 (13) XL:     5   Next: 92%
Magic:  5/5        EV: 10    Int: 11 (13) God:    Xom [.....*]
Gold:   127        SH:  0    Dex: 17 (18) Spells: 4/4 levels left

rFire    . . .     SeeInvis .   a - +0 hand axe (chaos)
rCold    . . .     Gourm    .   (no shield)
rNeg     . . .     Faith    .   q - +2 chain mail {rPois}
rPois    +         Spirit   .   (no helmet)
rElec    .         Reflect  .   (no cloak)
rCorr    .         Harm     .   (no gloves)
MR       .....                  (no boots)
Stlth    ..........             (no amulet)
HPRegen  0.15/turn              (no ring)
MPRegen  0.09/turn              (no ring)

@: agile
A: claws 1, talons 2, deterioration 1
a: Renounce Religion


You were on level 3 of the Dungeon.
You worshipped Xom.
You were Xom's teddy bear.
You were not hungry.

You visited 1 branch of the dungeon, and saw 3 of its levels.

You collected 127 gold pieces.

Inventory:

Hand Weapons
 a - a +0 hand axe of chaos (weapon)
Armour
 e - a +0 shield
 q - a +2 chain mail of poison resistance (worn)
Scrolls
 b - a scroll of immolation {unknown}
 d - 2 scrolls of remove curse {unknown}
 g - 3 scrolls of teleportation {unknown}
 h - 2 scrolls of fog {unknown}
 i - 2 scrolls of identify {unknown}
 j - a scroll of amnesia {unknown}
 r - 2 scrolls of blinking {unknown}
Potions
 l - 2 potions of degeneration
Comestibles
 c - 4 rations
 s - 7 chunks of flesh


   Skills:
 + Level 6.7 Fighting
 - Level 2.6 Axes
 - Level 1.7 Armour
 - Level 0.8 Dodging


You had 4 spell levels left.
You didn't know any spells.

Dungeon Overview and Level Annotations

Branches:
Dungeon (3/15)

Altars:


Innate Abilities, Weirdness & Mutations

You have razor-sharp toenails.
You have sharp fingernails.
Your body sometimes deteriorates upon taking damage.


Message History

There is a stone staircase leading up here. 2 orcs come into view.
The orc shouts!
The orc moves out of view.
Found a scroll labeled YCIRRO VOTOE.
It was a potion of degeneration.
There was something very wrong with that liquid.
You feel weakened.
You feel dopey.
You feel clumsy. The ogre closely misses you.
As you read the scroll labeled GONYNT AMUO, it crumbles to dust.
You feel aware of your surroundings.
It was a scroll of magic mapping.
The orc hits you with a hand axe.
* * * LOW HITPOINT WARNING * * *
An orc comes into view. It is wielding a whip.
As you read the scroll labeled ASSOSS FIFIAN, it crumbles to dust.
The dust glows mottled rubric!
It was a scroll of random uselessness.
The orc shouts! "Serve the mortal, my children!"
The ogre hits you with a giant spiked club!
You die...

**#........,*
####........,*
..##........,*
#)##........,*
#.##........,*
#(##รท....#****
#(##.###########
..(......Koo..o####
#.##.######<..oO@4#
#....# #######o#
#.#### *o#
#.####***********?#
......,,,,,,,,,,>.#
######***###*****o#
...# #.# *.# ...#
#.# *.# ...# #.#
*,*


You could see an ogre, 7 orcs, a kobold and a friendly hellwing.

Vanquished Creatures
  The ghost of Serooblart the Skirmisher, an amateur MiBe of Trog (D:3)
  Terence (D:2)
  2 adders
  4 worms
  2 dart slugs
  2 leopard geckos
  An orc (D:3)
  2 ball pythons (D:2)
  4 bats (D:2)
  2 giant cockroaches
  4 goblins
  5 hobgoblins
  4 jackals (D:2)
  4 kobolds
  2 quokkas
  2 frilled lizards
  4 rats
46 creatures vanquished.

Notes
Turn   | Place    | Note
-------+----------+-------------------------------------------
     0 | D:1      | grindst0ne the Demonspawn Chaos Knight began the quest for the Orb.
     0 | D:1      | Reached XP level 1. HP: 18/18 MP: 1/1
   232 | D:1      | XOM: divination: magic mapping
   268 | D:1      | XOM: mild Ice miscast
   285 | D:1      | XOM: butterfly on damage
   354 | D:1      | XOM: harmless Ice miscast
   462 | D:1      | XOM: divination: detect items
   531 | D:1      | Gained mutation: You have sharp toenails. [demonic ancestry]
   531 | D:1      | Reached XP level 2. HP: 25/25 MP: 2/2
   874 | D:2      | XOM: polymorph giant cockroach -> ball python
   933 | D:2      | XOM: smoke on damage
   948 | D:2      | Reached skill level 4 in Fighting
  1042 | D:2      | Reached XP level 3. HP: 18/30 MP: 3/3
  1494 | D:2      | Noticed Terence
  1509 | D:2      | Killed Terence
  1509 | D:2      | Reached skill level 5 in Fighting
  1509 | D:2      | Gained mutation: You have razor-sharp toenails. [demonic ancestry]
  1509 | D:2      | Reached XP level 4. HP: 9/39 MP: 4/4
  1941 | D:2      | XOM: give mutations
  1941 | D:2      | Gained mutation: You have sharp fingernails. [Xom's mischief]
  1941 | D:2      | Gained mutation: Your body sometimes deteriorates upon taking damage. [Xom's mischief]
  2118 | D:2      | XOM: summons 2 hostile demons
  2453 | D:3      | XOM: stealth player
  2512 | D:3      | Noticed Serooblart's ghost (amateur MiBe)
  2513 | D:3      | XOM: confusion
  2527 | D:3      | XOM: stat loss: -1 Int (12/13)
  2537 | D:3      | Killed Serooblart's ghost
  2537 | D:3      | Reached skill level 6 in Fighting
  2537 | D:3      | Reached XP level 5. HP: 47/47 MP: 5/5
  2678 | D:3      | Noticed an ogre
  2690 | D:3      | XOM: swap monsters
  2713 | D:3      | XOM: mild Ice miscast
  2715 | D:3      | XOM: mild Tmut miscast
  2726 | D:3      | XOM: summons 1 friendly demon
  2726 | D:3      | Slain by an ogre

Skill      XL: |  1  2  3  4 |
---------------+-------------+-----
Fighting       | 4 5 6 |  6.7
Axes           | |  2.6
Armour         | |  1.7
Dodging        | |  0.8

Action                   |  1- 3 |  4- 6 || total
-------------------------+-------+-------++-------
Melee: Hand axe          |   107 |    90 ||   197
       Kick              |    20 |    13 ||    33
  Use: Potion            |       |     6 ||     6
       Scroll            |       |     2 ||     2
 Stab: Confused          |     1 |       ||     1
       Paralysed         |     3 |     1 ||     4
       Petrifying        |     1 |       ||     1
  Eat: Chunk             |     2 |     4 ||     6
Armor: Leather armour    |    31 |       ||    31
       Chain mail        |       |    95 ||    95
       Skin              |       |     9 ||     9
Dodge: Dodged            |    61 |    42 ||   103
